 Dungeon Crawl Stone Soup version 0.29-a0-40-g8eb35efe60 (webtiles) character file.

Game seed: 2410473939001515340

17341 grumblor the Fighter (level 12, -2/108 HPs)
             Began as a Mummy Fighter on Feb 2, 2022.
             Was an Initiate of Gozag.
             Slain by a wolf spider (11 damage)
             ... on level 3 of the Lair of Beasts.
             The game lasted 00:30:41 (13641 turns).

grumblor the Fighter (Mummy Fighter)               Turns: 13641, Time: 00:30:41

Health: -2/108     AC: 31    Str: 24    XL:     12   Next: 18%
Magic:  0/12       EV:  6    Int:  7    God:    Gozag
Gold:   332        SH: 22    Dex: 12    Spells: 11/11 levels left

rFire   x . .      SeeInvis +   a - +0 war axe (protect)
rCold   + + .      Faith    .   q - +5 kite shield of the Six Lusting Mouths {rN+}
rNeg    + + +      Spirit   +   y - +2 plate armour {rC+}
rPois   ∞          Reflect  .   f - +1 helmet
rElec   +          Harm     .   t - +0 cloak
rCorr   +          Rampage  .   v - +3 pair of gauntlets of War {Slay+5}
Will    +....                   D - +2 pair of boots
Stlth   ..........              j - brooch of Shielding {Spirit SH+8}
HPRegen 0.28/turn               o - ring of resist corrosion
MPRegen 0.13/turn               r - ring of Mutualism {rElec SInv}

@: gold aura, under a protective aura, studying 2 skills
A: cold resistance 1, negative energy resistance 3, torment resistance 2, heat
vulnerability 1, no potions
a: Renounce Religion, Potion Petition, Call Merchant, Bribe Branch


You were on level 3 of the Lair of Beasts.
You worshipped Gozag.
Gozag was aware of your devotion.
You visited 3 branches of the dungeon, and saw 15 of its levels.
You also visited: Bailey.

You collected 1718 gold pieces.
You spent 1189 gold pieces at shops.
You paid 197 gold pieces to Gozag.

Inventory:

Hand Weapons
 a - a +0 war axe of protection (weapon)
 u - a +1 vampiric whip
Missiles
 c - 4 javelins (quivered)
 l - 4 boomerangs
 n - 18 poisoned darts
 C - 2 silver boomerangs
Armour
 f - a +1 helmet (worn)
 q - the +5 kite shield of the Six Lusting Mouths (worn) {rN+}
   (You took it off a gnoll sergeant on level 6 of the Dungeon)

   rN:        It protects you from negative energy.
 t - a +0 cloak (worn)
 v - the +3 pair of gauntlets of War (worn) {Slay+5}
   (You bought it in a shop on level 1 of the Dungeon)

   Slay:      It affects your accuracy & damage with ranged weapons and melee
   (+5).
 y - a +2 plate armour of cold resistance (worn)
 D - a +2 pair of boots (worn)
Jewellery
 j - the brooch of Shielding (around neck) {Spirit SH+8}
   (You acquired it on level 7 of the Dungeon)

   [amulet of guardian spirit]

   It causes incoming damage to be divided between your reserves of health and
   magic.
   SH:        It affects your SH (+8).
 o - a ring of resist corrosion (left hand)
 r - the ring of Mutualism (right hand) {rElec SInv}
   (You found it on level 6 of the Dungeon)

   [ring of see invisible]

   rElec:     It insulates you from electricity.
   SInv:      It lets you see invisible.
 x - a ring of protection from cold
Wands
 d - a wand of acid (2)
 h - a wand of iceblast (15)
 k - a wand of digging (4)
 p - a wand of flame (41)
Scrolls
 b - a scroll of fear
 e - a scroll of enchant weapon
 g - 4 scrolls of teleportation
 i - 5 scrolls of blinking
 s - 7 scrolls of identify
 w - a scroll of brand weapon
 A - a scroll of amnesia
 B - a scroll of fog
Miscellaneous
 m - a phial of floods


   Skills:
 * Level 14.5 Fighting
 - Level 6.0 Axes
 - Level 2.0 Throwing
 - Level 4.7 Armour
 - Level 4.0 Dodging
 - Level 5.1 Shields
 * Level 7.0 Evocations


You had 11 spell levels left.
You didn't know any spells.
Your spell library contained the following spells:

 Spells                   Type           Power      Damage    Failure   Level
 Animate Skeleton         Necr           0%         N/A       100%        1
 Pain                     Necr           0%         1d4       100%        1
 Dazzling Flash           Conj/Hex       0%         N/A       100%        3
 Ignite Poison            Fire/Tmut/Pois 0%         N/A       100%        3
 Mephitic Cloud           Conj/Pois/Air  0%         N/A       100%        3
 Stone Arrow              Conj/Erth      0%         3d7       100%        3
 Vampiric Draining        Necr           0%         2d6       100%        3
 Animate Armour           Summ/Erth      0%         N/A       100%        4
 Petrify                  Tmut/Erth      0%         N/A       100%        4
 Agony                    Necr           0%         N/A       100%        5
 Freezing Cloud           Conj/Ice/Air   0%         6-21      100%        5
 Metabolic Englaciation   Hex/Ice        0%         N/A       100%        5
 Silence                  Hex/Air        0%         N/A       100%        5
 Lehudib's Crystal Spear  Conj/Erth      0%         10d2      100%        8
 Statue Form              Tmut/Erth      Unusable   N/A       N/A         6

Dungeon Overview and Level Annotations

Branches:
Dungeon (10/15)            Temple (1/1) D:7            Lair (4/6) D:8
 Bailey (visited)
  Swamp: Lair:2-4    Shoals: Lair:2-4     Snake: Lair:2-4    Spider: Lair:2-4
    Orc: D:9-12

Altars:
Ashenzari
Cheibriados
Dithmenos
Elyvilon
Fedhas
Gozag
Hepliaklqana
Kikubaaqudgha
Makhleb
Nemelex Xobeh
Okawaru
Qazlal
Ru
Sif Muna
Trog
Uskayaw
Vehumet
Wu Jian
Xom
Yredelemnul
Zin
The Shining One

Shops:
D:1 [   D:7 ?

Portals:
Abyss: D:3

Annotations:
D:3 2 transporters, a3don's ghost, amateur DjWz
D:9 3 runed translucent doors, HuGe's ghost, novice MiBe


Innate Abilities, Weirdness & Mutations

You are immune to poison.
Your flesh is cold resistant. (rC+)
You are immune to negative energy. (rN+++)
You are immune to unholy pain and torment.
You are vulnerable to heat. (rF-)
You do not drink.


Message History

The wolf spider hits you but does no damage.
You block the wolf spider's attack. The wolf bites you.
* * * LOW HITPOINT WARNING * * *
You slash the wolf spider!
The wolf spider is almost dead.
You hit the wolf. You slash the wolf!
You kill the wolf!
You block the wolf spider's attack. x2; You block the wolf's attack.
The wolf bites you but does no damage.
Unknown command.
You slash the wolf spider!
You kill the wolf spider!
You barely miss the wolf. You hit the wolf. You block the wolf's attack. x2
Unknown command.
You slice the wolf spider!!
The wolf spider is severely wounded.
You closely miss the wolf. The wolf barely misses you.
You block the wolf spider's attack. The wolf spider barely misses you.
You block the wolf's attack. You block the wolf spider's attack.
The wolf spider bites you but does no damage.
You block the wolf's attack.
You slash the wolf spider!
The wolf spider is almost dead.
You slash the wolf!
You kill the wolf!
You block the wolf spider's attack. x2
The wolf spider is distracted by your dazzling golden aura.
Unknown command.
You hit the wolf spider.
The wolf spider is no longer distracted by gold.
The wolf spider is almost dead.
You block the wolf spider's attack.
The wolf spider bites you but does no damage.
You block the wolf spider's attack.
The wolf spider bites you but does no damage.
You barely miss the wolf spider.
The wolf spider is severely wounded.
You barely miss the wolf. The wolf spider hits you!
You die...
Your body crumbles into a pile of gold.

$ #......................
##............[........ $
##...................... #
##................>...... #.#
#........................
#...#######.....................
.......###.#....................
.............)h#s##.............
..............$@$##.<...........
..............#####.............
..[...#####...# #.............
#....# ##.## #.............
##### ### #.............
##.#..P.#P.... #............
#...##....#P. #....#...####


You could see a wolf spider and a wolf.

Vanquished Creatures
  The ghost of Foferoat the Covert, a journeyman GnDe of Dithmenos (Lair:1)
  4 two-headed ogres
  A centaur warrior (D:10)
  A wolf spider (Lair:3)
  The ghost of taxman66 the Chiller, a novice BaIE of Cheibriados (D:6)
  4 orc knights
  A centaur zombie (D:7)
  2 black mambas (Lair:1)
  A cane toad (Lair:1)
  A yaktaur (D:10)
  A rime drake (Lair:1)
  3 komodo dragons (Lair:1)
  3 trolls
  A hornet (D:8)
  Grinder (D:3)
  2 blink frogs (Lair:1)
  A wraith (D:10)
  Eustachio (D:5)
  6 yaks
  2 humans (D:8)
  An acid dragon (D:8)
  4 water moccasins
  A sky beast (D:6)
  2 ice beasts
  4 black bears
  7 orc warriors
  3 necrophages (D:8)
  3 ogres
  2 wolves (Lair:3)
  4 centaurs
  A phantom (D:5)
  A kobold brigand (D:7)
  6 bullfrogs
  2 scorpions
  A wyvern zombie (D:8)
  5 gnoll sergeants
  2 water moccasin zombies
  A wyvern skeleton (D:6)
  A water moccasin skeleton (D:5)
  A wight (D:8)
  12 killer bees
  3 howler monkeys
  4 electric eels (D:9)
  2 bullfrog zombies (D:6)
  A hound (D:6)
  Crazy Yiuf (D:7)
  2 orc priests
  3 iron imps (D:8)
  2 jellies
  A centaur skeleton (D:6)
  A gnoll shaman (D:6)
  3 iguanas
  3 orc wizards
  A killer bee zombie (D:6)
  2 mummies (D:8)
  2 howler monkey zombies
  7 adders
  16 gnolls
  A howler monkey skeleton (D:7)
  4 shadow imps
  A white imp (D:7)
  3 worms
  2 dart slugs (D:1)
  40 orcs
  8 ball pythons
  6 endoplasms
  6 giant cockroaches
  9 goblins
  7 hobgoblins
  12 jackals
  2 quokkas
  7 bats
  3 frilled lizards
  12 kobolds
  4 rats
283 creatures vanquished.

Vanquished Creatures (others)
  A kobold brigand (D:9)
  An orc wizard (D:10)
  2 kobolds (D:9)
  5 fungi
  119 plants
128 creatures vanquished.

Grand Total: 411 creatures vanquished

Notes
Turn   | Place    | Note
-------+----------+-------------------------------------------
     0 | D:1      | grumblor the Mummy Fighter began the quest for the Orb.
     0 | D:1      | Reached XP level 1. HP: 18/18 MP: 1/1
    69 | D:1      | Reached XP level 2. HP: 14/24 MP: 2/2
    87 | D:1      | Found Muafuy's Armour Emporium.
   626 | D:1      | Reached XP level 3. HP: 28/30 MP: 3/3
  1221 | D:2      | Reached skill level 4 in Fighting
  1480 | D:2      | Found a faded altar of an unknown god.
  1776 | D:3      | Reached XP level 4. HP: 37/37 MP: 4/4
  1779 | D:3      | Found a transporter.
  1796 | D:3      | Noticed a small abomination
  1798 | D:3      | Noticed a3don's ghost (amateur DjWz)
  1799 | D:3      | Found a one-way gate to the infinite horrors of the Abyss.
  1800 | D:3      | Noticed a small abomination
  1816 | D:3      | Found a transporter.
  1848 | D:3      | Noticed a toenail golem
  1853 | D:3      | Identified the +0 chain mail of Zin's Benevolence {*Slow
                  | Slay+6}
  1868 | D:3      | Noticed a small abomination
  1877 | D:3      | Found an ornate altar of the Wu Jian Council.
  2068 | D:3      | Found an ancient bone altar of Kikubaaqudgha.
  2119 | D:3      | Noticed Grinder
  2126 | D:3      | Killed Grinder
  2127 | D:3      | Reached skill level 1 in Dodging
  2127 | D:3      | Reached skill level 1 in Evocations
  2127 | D:3      | Reached XP level 5. HP: 36/43 MP: 5/5
  2127 | D:3      | Reached XP level 6. HP: 41/49 MP: 6/6
  2890 | D:4      | Found a broken altar of Ashenzari.
  3213 | D:5      | Entered Level 5 of the Dungeon
  3275 | D:5      | Noticed an ice beast
  3287 | D:5      | Killed an ice beast
  3288 | D:5      | Reached skill level 5 in Fighting
  3288 | D:5      | Reached XP level 7. HP: 47/56 MP: 7/7
  3346 | D:5      | Reached skill level 1 in Throwing
  3368 | D:5      | Noticed a yak
  3372 | D:5      | Noticed a yak
  3373 | D:5      | Noticed a yak
  3376 | D:5      | Killed a yak
  3386 | D:5      | Killed a yak
  3392 | D:5      | Killed a yak
  3393 | D:5      | Reached skill level 6 in Fighting
  3393 | D:5      | Reached XP level 8. HP: 31/64 MP: 8/8
  4017 | D:5      | Reached skill level 7 in Fighting
  4083 | D:5      | Noticed Eustachio
  4094 | D:5      | Killed Eustachio
  4592 | D:6      | Reached skill level 8 in Fighting
  4611 | D:6      | Identified the +10 trident of Ygef {venom, *Rage Int+4
                  | Dex+4}
  4611 | D:6      | Identified the +5 kite shield of the Six Lusting Mouths
                  | {rN+}
  4625 | D:6      | Found a transporter.
  4631 | D:6      | Found a transporter.
  4634 | D:6      | Noticed taxman66's ghost (novice BaIE)
  4753 | D:6      | Reached XP level 9. HP: 74/74 MP: 9/9
  5323 | D:6      | Reached skill level 5 in Axes
  5337 | D:6      | Killed taxman66's ghost
  5338 | D:6      | Reached skill level 9 in Fighting
  5577 | D:6      | Identified the ring of Mutualism {rElec SInv}
  5668 | D:7      | Found a stormy altar of Qazlal.
  5691 | D:7      | You fall into a shaft and drop 1 floor!
  5702 | D:8      | Reached XP level 10. HP: 67/83 MP: 10/10
  6125 | D:7      | Found a staircase to the Ecumenical Temple.
  6135 | Temple   | Entered the Ecumenical Temple
  6304 | Temple   | Became a worshipper of Gozag Ym Sagoz the Greedy
  6364 | D:7      | Reached skill level 5 in Evocations
  6587 | D:7      | Found Gajeco's Magic Scroll Emporium.
  6764 | D:7      | Found a runed translucent door.
  6765 | D:7      | Noticed Crazy Yiuf
  6978 | D:7      | Killed Crazy Yiuf
  7067 | D:8      | Reached skill level 10 in Fighting
  7129 | D:8      | Found an iron altar of Okawaru.
  7271 | D:8      | Found a staircase to the Lair.
  7480 | D:8      | Found a burning altar of Makhleb.
  7699 | D:1      | Bought the +3 pair of gauntlets of War {Slay+5} for 617
                  | gold pieces
  7699 | D:1      | Found the +3 pair of gauntlets of War {Slay+5}
  7946 | D:8      | Found a sparkling altar of Nemelex Xobeh.
  8171 | D:9      | Found a snail-covered altar of Cheibriados.
  8183 | D:9      | Found a flagged portal.
  8208 | Bailey   | Entered a bailey
  8317 | Bailey   | Noticed an orc knight
  8317 | Bailey   | Noticed an orc knight
  8340 | Bailey   | Killed an orc knight
  8342 | Bailey   | Killed an orc knight
  8343 | Bailey   | Reached skill level 11 in Fighting
  8343 | Bailey   | Reached skill level 5 in Shields
  8537 | Bailey   | Reached XP level 11. HP: 93/93 MP: 11/11
  9132 | D:9      | Noticed a centaur warrior
  9132 | D:9      | Noticed HuGe's ghost (novice MiBe)
  9347 | D:9      | Noticed a flayed ghost
  9347 | D:9      | Noticed a two-headed ogre
  9451 | D:9      | Found a runed translucent gate.
  9451 | D:9      | Found a runed translucent gate.
  9452 | D:9      | Found a runed translucent gate.
  9662 | D:9      | Noticed a two-headed ogre
  9670 | D:9      | Killed a two-headed ogre
  9852 | D:9      | Found a sacrificial altar of Ru.
 10368 | D:10     | Entered Level 10 of the Dungeon
 10444 | D:10     | Noticed a two-headed ogre
 10453 | D:10     | Killed a two-headed ogre
 10568 | D:10     | Found a blossoming altar of Fedhas.
 10570 | D:10     | Noticed a two-headed ogre
 10578 | D:10     | Killed a two-headed ogre
 10634 | D:10     | Found a hazy altar of Hepliaklqana.
 10669 | D:10     | Reached skill level 12 in Fighting
 10689 | D:10     | Noticed a two-headed ogre
 10690 | D:10     | Noticed a tengu warrior
 10691 | D:10     | Noticed a wolf spider
 10756 | D:10     | Killed a two-headed ogre
 10785 | D:10     | Noticed an orc knight
 10795 | D:10     | Noticed a centaur warrior
 10808 | D:10     | Killed an orc knight
 10811 | D:10     | Noticed a fire giant
 10813 | D:10     | Noticed a two-headed ogre
 11063 | D:7      | Bought a scroll of acquirement for 572 gold pieces
 11063 | D:7      | Acquired the brooch of Shielding {Spirit SH+8}
 11063 | D:7      | Found the brooch of Shielding {Spirit SH+8}
 11141 | D:10     | Noticed an orc knight
 11146 | D:10     | Killed a centaur warrior
 11147 | D:10     | Reached skill level 13 in Fighting
 11177 | D:10     | Killed an orc knight
 11453 | D:10     | Noticed a satyr
 11456 | D:10     | a satyr changed into a tyrant leech
 11458 | D:10     | Noticed an entropy weaver
 11458 | D:10     | a tyrant leech changed into an entropy weaver
 11466 | D:10     | Noticed an emperor scorpion
 11466 | D:10     | an entropy weaver changed into an emperor scorpion
 11469 | D:10     | Noticed a quicksilver ooze
 11469 | D:10     | an emperor scorpion changed into a quicksilver ooze
 11471 | D:10     | Noticed an alligator
 11471 | D:10     | a quicksilver ooze changed into an alligator
 11474 | D:10     | Noticed a jorogumo
 11474 | D:10     | an alligator changed into a jorogumo
 11483 | D:10     | Noticed a ghost moth
 11483 | D:10     | a jorogumo changed into a ghost moth
 11483 | D:10     | Noticed a fire dragon
 11483 | D:10     | a ghost moth changed into a fire dragon
 11490 | D:10     | Noticed a quicksilver ooze
 11490 | D:10     | a fire dragon changed into a quicksilver ooze
 11498 | D:10     | Noticed an alligator
 11927 | D:10     | Noticed a five-headed hydra
 11927 | D:10     | an alligator changed into a five-headed hydra
 11929 | D:10     | Noticed a death yak
 11929 | D:10     | a five-headed hydra changed into a death yak
 11932 | D:10     | Noticed a quicksilver ooze
 11932 | D:10     | a death yak changed into a quicksilver ooze
 11934 | D:10     | Noticed a catoblepas
 11934 | D:10     | a quicksilver ooze changed into a catoblepas
 11935 | D:10     | Noticed a death yak
 11935 | D:10     | a catoblepas changed into a death yak
 11944 | D:10     | Noticed a quicksilver ooze
 11944 | D:10     | a death yak changed into a quicksilver ooze
 11946 | D:10     | a quicksilver ooze changed into a slime creature
 11949 | D:10     | Noticed an orb spider
 11949 | D:10     | a slime creature changed into an orb spider
 11951 | D:10     | Noticed a wolf spider
 11951 | D:10     | an orb spider changed into a wolf spider
 11952 | D:10     | a wolf spider changed into a water nymph
 11953 | D:10     | Noticed a shock serpent
 11953 | D:10     | a water nymph changed into a shock serpent
 11956 | D:10     | a shock serpent changed into a torpor snail
 11960 | D:10     | Noticed an anaconda
 11960 | D:10     | a torpor snail changed into an anaconda
 11961 | D:10     | Noticed an ice dragon
 11961 | D:10     | an anaconda changed into an ice dragon
 11964 | D:10     | an ice dragon changed into a tyrant leech
 11965 | D:10     | Noticed a six-headed hydra
 11965 | D:10     | a tyrant leech changed into a six-headed hydra
 11972 | D:10     | Noticed a minotaur
 11973 | D:10     | Noticed a storm dragon
 11973 | D:10     | a minotaur changed into a storm dragon
 11982 | D:10     | Noticed an entropy weaver
 11982 | D:10     | a storm dragon changed into an entropy weaver
 11989 | D:10     | Noticed an alligator
 11989 | D:10     | an entropy weaver changed into an alligator
 12301 | Lair:1   | Entered Level 1 of the Lair of Beasts
 12442 | Lair:1   | Noticed Foferoat's ghost (journeyman GnDe)
 12445 | Lair:1   | Found a runed translucent door.
 12486 | Lair:1   | Killed Foferoat's ghost
 12871 | Lair:1   | Reached XP level 12. HP: 95/106 MP: 10/12
 12928 | Lair:1   | Reached skill level 14 in Fighting
 13515 | Lair:2   | You fall into a shaft and drop 2 floors!
 13641 | Lair:3   | Slain by a wolf spider

Illustrated notes

Levels and vault maps discovered:
D:1:      co_arrival_hall_of_pillars, layout_basic, serial_shops, shop
D:2:      layout_basic, nicolae_ecumenical_pavilion
D:3:      layout_loops_ring, mainiacjoe_overflow_swirl,
          nicolae_wu_jian_immortal_techniques, gammafunk_ghost_abyssal_escape,
          grunt_ministairs_14, uniq_grinder
D:4:      layout_loops_ring, ashenzari_altar_1, hangedman_decor_clover_reticule
D:5:      layout_basic, hangedman_decor_riveting, corexii_checkpoint_a,
          minmay_manual_monstrance, uniq_eustachio
D:6:      minmay_inner_zag, layout_rooms, gammafunk_ghost_gnarly_gnolls
D:7:      layout_loops_ring, grunt_qazlal_clouds,
          minmay_temple_entry_large_hall, serial_shops, shop,
          uniq_crazy_yiuf_cottage
D:8:      layout_rooms, okawaru_humans, kennysheep_mini, demons_altar,
          dpeg_oklobed_lair, serial_undead, serial_undead_c, serial_undead_f,
          serial_undead_a, serial_undead_d, corexii_checkpoint_a
D:9:      layout_layer_cave, lemuel_tele_altar, nicolae_ru_the_path_less_chosen,
          tso_metal_star, serial_bayou, serial_bayou_pond_e,
          serial_bayou_shore_b, serial_bayou_lagoon_a, serial_bayou_crossing,
          enter_bailey_4, gammafunk_ghost_split
D:10:     nzn_winding_woodlands_large [nzn_winding_woodlands_5x5_default,
          nzn_winding_woodlands_5x15_pathside_ponds,
          nzn_winding_woodlands_5x5_default,
          nzn_winding_woodlands_center_garden,
          nzn_winding_woodlands_15x15_five_gardens,
          nzn_winding_woodlands_center_triple_pond,
          nzn_winding_woodlands_5x5_default,
          nzn_winding_woodlands_5x15_lazy_stream,
          nzn_winding_woodlands_5x5_closed_star], layout_loops_ring,
          fedhas_altar_1, mainiacjoe_overflow_24_doors, uniq_urug
Temple:   grunt_temple_mini_profane
Lair:1:   wad_woods_structure_01, layout_regular_city,
          hellmonk_ghost_happy_afterlife, serial_bayou_shore_b
Lair:2:   layout_hall_layers, minmay_swamp_entry_reptiles,
          nicolae_spider_entry_non_spiders, ebering_ghost_inner_flame,
          special_room [special_room_bee], grunt_forest_large_clearing_hut
Lair:3:   layout_gridlike, minmay_stone_trees_medium,
          chequers_serial_rivers_marsh, nicolae_lair_run_with_the_wolves
Lair:4:   layout_roguey, chequers_serial_rivers_micro_a, serial_bayou_lagoon_b

Skill      XL: |  1  2  3  4  5  6  7  8  9 10 11 12 |
---------------+-------------------------------------+-----
Axes           | 2 3 4 6 |  6.0
Fighting       | 4 5 6 8 9 11 13 14 | 14.5
Dodging        | 1 2 3 4 |  4.0
Evocations     | 1 2 3 4 5 6 7 |  7.0
Armour         | 3 4 |  4.7
Throwing       | 2 |  2.0
Shields        | 3 5 |  5.1

Action                   |  1- 3 |  4- 6 |  7- 9 | 10-12 || total
-------------------------+-------+-------+-------+-------++-------
Melee: War axe           |   114 |    75 |   169 |   651 ||  1009
Throw: Boomerang         |       |       |    15 |    19 ||    34
       Dart              |       |       |       |    16 ||    16
       Throwing net      |       |       |       |     3 ||     3
Evoke: Wand              |       |       |    11 |    16 ||    27
  Use: Scroll            |     3 |     2 |     1 |    10 ||    16
 Stab: Distracted        |       |       |       |     1 ||     1
Armor: Scale mail        |    69 |       |       |       ||    69
       Chain mail        |       |    42 |   100 |   130 ||   272
       Plate armour      |       |       |       |   216 ||   216
Dodge: Dodged            |    76 |    17 |    75 |   184 ||   352
Block: Buckler           |    31 |     9 |    34 |       ||    74
       Kite shield       |       |       |    34 |   645 ||   679

Table legend: (Time is in decaauts)
 A = Elapsed time spent in this place.
 B = Non-inter-level travel time spent in this place.
 C = Inter-level travel time spent in this place.
 D = Time resting spent in this place.
 E = Time spent auto-exploring this place.
 F = Levels seen in this place.
 G = Mean time per level.
                   A        B        C        D        E       F      G
               +--------+--------+--------+--------+--------+-----+--------+
         Total |  14106 |  13097 |   1009 |   2222 |   7767 |  16 |  881.6 |
       Dungeon |  11891 |  10937 |    954 |   2061 |   6460 |  10 | 1189.1 |
        Temple |    195 |    151 |     44 |      0 |    147 |   1 |  195.0 |
          Lair |   1397 |   1387 |     10 |      0 |   1024 |   4 |  349.2 |
        Bailey |    622 |    622 |      0 |    161 |    135 |   1 |  622.0 |
               +--------+--------+--------+--------+--------+-----+--------+

Top non-repeatable levels by time:
     D:9: 2647 daAuts
     D:5: 1388 daAuts
     D:7: 1313 daAuts
  Lair:1: 1238 daAuts
     D:1: 1196 daAuts
     D:6: 1185 daAuts
    D:10: 1132 daAuts
     D:4: 874 daAuts
     D:3: 799 daAuts
     D:8: 773 daAuts
  Bailey: 622 daAuts
     D:2: 580 daAuts
  Temple: 195 daAuts
  Lair:3: 118 daAuts
  Lair:2: 27 daAuts
